 Dungeon Crawl Stone Soup version 0.30-b1-2-g02819fbbbe (webtiles) character file.

Game seed: 2499996138701716360

3 Alarkh the Sneak (level 1, -2/15 (18) HPs)
             Began as a Demonspawn Delver on May 22, 2023.
             Slain by a wight
             ... wielding a +2 spear
              (6 damage)
             ... on level 4 of the Dungeon.
             The game lasted 00:00:22 (65 turns).

Alarkh the Sneak (Demonspawn Delver)                  Turns: 65, Time: 00:00:22

HP:   -2/15 (18)    AC:  3    Str: 12    XL:     1   Next: 41%
MP:   1/1           EV: 11    Int: 11    God:
Gold: 0             SH:  5    Dex: 14    Spells: 0/0 levels left

rFire   . .          .
                       - Unarmed
rCold   . . .        e - +2 buckler
rNeg    . . .        a - +0 leather armour
rPois   .            (no helmet)
rElec   .            (no cloak)
rCorr   .            (no gloves)
SInv    .            (no boots)
Will    .....        (no amulet)
Stlth   ++           (no ring)
HPRegen 0.22/turn    (no ring)
MPRegen 0.07/turn

%: no passive effects
@: hasted, heavily drained, very quick
A: no striking features
a: no special abilities


You were on level 4 of the Dungeon.
You visited 1 branch of the dungeon, and saw 2 of its levels.

Inventory:

Armour
 a - a +0 leather armour (worn)
 e - a +2 buckler (worn)
Wands
 f - a wand of digging (3)
Scrolls
 b - a scroll of fog
 d - a scroll of fear
 g - a scroll of identify {unknown}


   Skills:
 - Level 3.0 Fighting
 - Level 1.7 Dodging
 - Level 4.5 Stealth
 + Level 2.1 Unarmed Combat


You couldn't memorise any spells.
You didn't know any spells.
Your spell library was empty.

Dungeon Overview and Level Annotations

Branches:
Dungeon (5/15)
 Temple: D:4-7

Altars:


Message History

Things that are here:
a +0 dagger; an orc corpse You see here a +2 buckler.
e - a +2 buckler You start putting on your armour.
You continue putting on your +2 buckler. x4
You finish putting on your +2 buckler.
Okay, then.
HP restored.
You open the door.
There is an open door here.
A wight comes into view. It is wielding a +0 hand axe.
A wight comes into view. It is wielding a +2 spear.
You closely miss the wight. You hit the wight.
The wight is lightly damaged.
The wight closely misses you.
You hit the wight but do no damage.
The wight is lightly damaged.
The wight barely misses you.
You hit the wight.
The wight is lightly damaged.
The wight hits you with a +0 hand axe.
You feel drained.
You hit the wight.
The wight is moderately damaged.
You barely miss the wight.
The wight is moderately damaged.
You block the wight's attack. The wight closely misses you.
You barely miss the wight.
The wight is moderately damaged.
The wight hits you from afar with a +2 spear!
You feel drained.
* * * LOW HITPOINT WARNING * * *
The wight closely misses you.
You are too injured to fight recklessly!
As you read the scroll of magic mapping, it crumbles to dust.
You feel aware of your surroundings.
You sensed 7 altars, and 3 shops/portals.
The wight hits you from afar with a +2 spear.
You die...

,*,,,,,,,,* *,****
**,<,,,,,,* *,,..#
**,,,,,,,,* *,*#.#
***#############.#
* #≈≈≈≈≈≈≈≈≈≈≈#.#
* #≈.........≈#.#
* #≈.........≈#z#
***#≈.........≈#z#
,,,#≈....)....≈#@#
,,,#≈....#....≈#.#
**,#≈.........≈#.#
**,#≈.........≈#.#
**,#≈.........≈#.#
**,#≈.........≈#.#
**,#≈..........'.#
,,,#≈≈≈≈≈≈≈≈≈≈≈###
***#############


You could see 2 wights.

Vanquished Creatures
  An orc (D:4)
  An endoplasm (D:4)
2 creatures vanquished.

Notes
Turn   | Place    | Note
-------+----------+-------------------------------------------
     0 | D:5      | Alarkh the Demonspawn Delver began the quest for the Orb.
     0 | D:5      | Reached XP level 1. HP: 18/18 MP: 1/1
    54 | D:4      | Noticed a wight
    55 | D:4      | Noticed a wight
    65 | D:4      | Slain by a wight

Illustrated notes

Levels and vault maps discovered:
D:4:      layout_loops_cross, minitemple, enter_ossuary_5,
          kennysheep_small_spiral, nicolae_take_the_stairs,
          nicolae_shop_overcharged_wands, uniq_sigmund
D:5:      layout_loops_ring, kennysheep_vampire_church, serial_shops,
          nicolae_shop_window_shopping, minmay_misc_feat_nine_boxes,
          minmay_misc_feat_x, uniq_prince_ribbit1

Skill      XL: |  1 |
---------------+----+-----
Unarmed Combat | 2 |  2.1
Fighting       | |  3.0
Dodging        | |  1.7
Stealth        | |  4.5

Action                     || total
---------------------------++-------
  Melee: Unarmed           ||    14
    Use: Scroll            ||     1
         Potion            ||     1
  Dodge: Dodged            ||     7
  Block: Buckler           ||     1
